 Dungeon Crawl Stone Soup version bcrawl-1.21.3 (webtiles) character file.

Game seed: 7906600676410167378

146 funkygono the Conjurer (level 5, -3/31 HPs)
             Began as a Fairy Conjurer on Mar 28, 2020.
             Killed from afar by Sigmund (5 damage)
             ... with a wand of flame (11)
             ... on level 2 of the Dungeon.
             The game lasted 00:04:29 (1058 turns).

funkygono the Conjurer (Fairy Conjurer)             Turns: 1058, Time: 00:04:29

Health: -3/31      AC:  4    Str:  6    XL:     5   Next: 28%
Magic:  12/13      EV: 16    Int: 23    God:
Gold:   79         SH:  4    Dex: 12    Spells: 6/12 levels left

rFire    . . .     SeeInvis .   k - +0 short sword
rCold    . . .     Gourm    .   (shield restricted)
rNeg     . . .     Faith    .   (armour unavailable)
rPois    .         Spirit   .   (no helmet)
rElec    .         Reflect  .   (no cloak)
rCorr    .         Harm     .   (no gloves)
MR       .....                  (no boots)
Stlth    +.........             (no amulet)
HPRegen  0.10/turn              c - +3 ring of intelligence
MPRegen  0.13/turn              (no ring)

@: berserk cooldown, flying evasively, slowed, very slow
A: small, magic attunement, unstealthy, unfitting armour, able to fly, AC/SH +4
a: Stop Flying


You were on level 2 of the Dungeon.
You were not hungry.

You visited 1 branch of the dungeon, and saw 2 of its levels.

You collected 79 gold pieces.

Inventory:

Hand Weapons
 k - a +0 short sword (weapon)
Missiles
 g - 529 stones (quivered)
Jewellery
 c - a +3 ring of intelligence (left hand)
Wands
 h - a wand of paralysis (9)
Scrolls
 d - a scroll of identify
 f - 3 scrolls of amnesia
Potions
 b - a potion of magic
Comestibles
 a - 15 chunks of flesh
 e - 3 rations {!d}


   Skills:
 + Level 2.9 Dodging
 + Level 1.6 Stealth
 + Level 4.1 Spellcasting
 + Level 6.9 Conjurations


You had 6 spell levels left.
You knew the following spells:

 Your Spells              Type           Power        Failure   Level  Hunger
a - Magic Dart            Conj           ####         1%          1    None
b - Searing Ray           Conj           #####...     1%          2    None
c - Iskenderun's Mystic   Conj           #####...     1%          3    None

Your spell library contained the following spells:

 Spells                   Type           Power        Failure   Level  Hunger
 Fulminant Prism          Conj/Hex       ###.......   26%         4    None
 Irradiate                Conj/Tmut      ###.......   56%         5    None


Dungeon Overview and Level Annotations

Branches:
Dungeon (2/12)

Altars:

Annotations:
D:2 Sigmund


Innate Abilities, Weirdness & Mutations

Your spells do not cause hunger and MP costs are reduced by 1.
Your bright wings attract enemies. (Stealth-)
You cannot fit into any form of body armour.
Your shimmering scales are hard and can block incoming attacks. (AC +4, SH +4)
You are small and have problems with some larger weapons.
You can fly continuously.


Message History

Sigmund is heavily wounded.
Sigmund hits you with a +0 scythe.
* * * LOW HITPOINT WARNING * * *
You closely miss Sigmund.
Sigmund is heavily wounded.
You hit Sigmund.
Sigmund is heavily wounded.
You are no longer berserk.
You are exhausted.
You feel yourself slow down. Sigmund closely misses you.
Okay, then.
Sigmund casts a spell at you. You resist with some effort.
Sigmund mumbles some strange words.
Sigmund flickers and vanishes!
Deactivating autopickup; reactivate with Ctrl-A.
You hear a zap.
A puff of flame appears from out of thin air!
The puff of flame hits you.
You die...

### #<# #.# #.# #÷# #)#
#######.####
########..........#####
.......@......÷........
########......÷÷..####
##########..........#
..........{.........#
...#######..........#
#..........# .
#..........# ...
#....#####.#
...#######....# .#


There were no monsters in sight!

Vanquished Creatures
  An ogre (D:2)
  An ooze (D:1)
  2 dart slugs (D:1)
  9 leopard geckos
  An orc (D:2)
  A ball python (D:1)
  4 giant cockroaches
  3 hobgoblins (D:2)
  9 jackals
  A kobold (D:1)
  3 bats
  A frilled lizard (D:1)
  3 goblins (D:1)
  3 rats (D:1)
42 creatures vanquished.

Notes
Turn   | Place    | Note
-------+----------+-------------------------------------------
     0 | D:1      | funkygono the Fairy Conjurer began the quest for the Orb.
     0 | D:1      | Reached XP level 1. HP: 11/11 MP: 6/6
     7 | D:1      | Reached skill level 5 in Conjurations
    50 | D:1      | Reached XP level 2. HP: 17/17 MP: 7/7
   119 | D:1      | Learned a level 2 spell: Searing Ray
   287 | D:1      | Reached XP level 3. HP: 21/21 MP: 6/9
   292 | D:1      | Learned a level 3 spell: Iskenderun's Mystic Blast
   474 | D:1      | Reached skill level 6 in Conjurations
   900 | D:2      | Reached XP level 4. HP: 25/27 MP: 2/11
  1020 | D:2      | Noticed an ogre
  1028 | D:2      | Killed an ogre
  1028 | D:2      | Reached XP level 5. HP: 26/31 MP: 9/13
  1029 | D:2      | Noticed Sigmund
  1053 | D:2      | HP: 2/46 [Sigmund/+0 scythe (3)]
  1058 | D:2      | Killed from afar by Sigmund

Skill      XL: |  1  2  3  4 |
---------------+-------------+-----
Conjurations   | 5 6 |  6.9
Spellcasting   | 3 4 |  4.1
Dodging        | |  2.9
Stealth        | |  1.6

Action                   |  1- 3 |  4- 6 || total
-------------------------+-------+-------++-------
Melee: Short sword       |     6 |     4 ||    10
 Cast: Magic Dart        |    51 |    21 ||    72
       Searing Ray       |     5 |     1 ||     6
  Use: Scroll            |     5 |       ||     5
       Potion            |       |     1 ||     1
Armor: Skin              |     4 |       ||     4
Dodge: Dodged            |     9 |     5 ||    14
Block: Other             |     3 |       ||     3
